 Dungeon Crawl Stone Soup version 0.29-a0-834-g1e95ca9f62 (webtiles) character file.

Game seed: 10308587591392993163

49 purpskrrrp the Sneak (level 3, -1/16 HPs)
             Began as a Vine Stalker Enchanter on July 13, 2022.
             Was a Follower of Okawaru.
             Slain by Jessica
             ... wielding a +0 club
              (4 damage)
             ... on level 2 of the Dungeon.
             The game lasted 00:05:06 (2538 turns).

purpskrrrp the Sneak (Vine Stalker Enchanter)       Turns: 2538, Time: 00:05:07

Health: -1/16      AC:  2    Str: 10    XL:     3   Next: 75%
Magic:  0/7        EV: 13    Int: 15    God:    Okawaru [*.....]
Gold:   98         SH:  0    Dex: 22    Spells: 6/6 levels left

rFire   . . .      SeeInvis .   o - +1 rapier
rCold   . . .      Faith    .   (no shield)
rNeg    . . .      Spirit   +   b - +0 robe
rPois   .          Reflect  .   (no helmet)
rElec   .          Harm     .   (no cloak)
rCorr   .          Rampage  .   (no gloves)
Will    .....                   (no boots)
Stlth   +++.......              p - amulet of regeneration
HPRegen 0.05/turn               e - +6 ring of dexterity
MPRegen 0.10/turn               (no ring)

@: no status effects
A: fangs 2, magic shield, antimagic bite, no potion heal 2
a: Renounce Religion, Heroism


You were on level 2 of the Dungeon.
You worshipped Okawaru.
Okawaru was aware of your devotion.
You visited 1 branch of the dungeon, and saw 2 of its levels.

You collected 98 gold pieces.

Inventory:

Hand Weapons
 a - a +1 dagger
 l - a +1 sling of flaming
 o - a +1 rapier (weapon)
Armour
 b - a +0 robe (worn)
Jewellery
 e - a +6 ring of dexterity (left hand)
 m - an amulet of the acrobat
 p - an amulet of regeneration (around neck)
Scrolls
 h - a scroll of magic mapping
 i - 2 scrolls of poison
 k - a scroll of vulnerability {unknown}
 q - a scroll of teleportation
 s - a scroll of identify {unknown}
Potions
 c - 2 potions of invisibility
 d - a potion of mutation {unknown}
 f - 2 potions of flight {unknown}
 g - a potion of degeneration {unknown}
 j - a potion of heal wounds {unknown}
 n - a potion of brilliance {unknown}
 r - a potion of ambrosia {unknown}


   Skills:
 + Level 1.2 Short Blades
 + Level 2.1 Dodging
 * Level 4.2 Stealth
 + Level 2.4 Spellcasting
 * Level 3.4 Hexes


You had 6 spell levels left.
You didn't know any spells.
Your spell library contained the following spells:

 Spells                   Type           Power      Damage    Failure   Level
 Ensorcelled Hibernation  Hex/Ice        14%        N/A       16%         2
 Confusing Touch          Hex            12%        N/A       16%         3
 Dazzling Flash           Conj/Hex       14%        N/A       30%         3
 Portal Projectile        Hex/Tloc       14%        N/A       30%         3
 Blink                    Tloc           2%         N/A       32%         2
 Lesser Beckoning         Tloc           1%         N/A       54%         3
 Leda's Liquefaction      Hex/Erth       3%         N/A       71%         4
 Manifold Assault         Tloc           1%         N/A       99%         5
 Tukima's Dance           Hex            Unusable   N/A       N/A         3
 Call Canine Familiar     Summ           Unusable   N/A       N/A         3

Dungeon Overview and Level Annotations

Branches:
Dungeon (2/15)

Altars:
Okawaru
Wu Jian

Annotations:
D:2 Jessica


Innate Abilities, Weirdness & Mutations

You have extremely sharp teeth.
When hurt, damage is shared between your health and your magic reserves.
Your bite disrupts and absorbs the magic of your enemies.
Potions cannot restore your health.


Message History

You kill the bat!
Okawaru accepts your kill.
No target in view!
No target in view!
No target in view!
There is an open door here.
Jessica the Apprentice Sorceress comes into view.
She is wielding a +0 club.
Found a scroll of immolation.
Jessica shouts!
Jessica casts a spell.
Jessica blinks!
No target in view!
No target in view!
Jessica is nearby!
Unknown command.
Jessica is nearby!
Jessica casts a spell at you. Pain shoots through your body!
Ouch! That really hurt!
You are too injured to fight recklessly!
You are too injured to fight recklessly!
You start putting on your amulet.
You continue putting on your amulet of regeneration. x3
Jessica grins evilly.
Jessica gestures wildly while chanting.
Jessica seems to speed up.
You continue putting on your amulet of regeneration.
Jessica casts a spell at you. Pain shoots through your body!
* * * LOW HITPOINT WARNING * * *
You continue putting on your amulet of regeneration.
Jessica barely misses you.
You finish putting on your amulet of regeneration.
The amulet cannot attune itself to your injured body.
p - an amulet of regeneration (around neck) Jessica closely misses you.
Jessica hits you with a +0 club.
Keep disrobing? [Y]es or [N]o only, please.
Keep disrobing?
You die...

.................#
#.###....
####.....###.#.#.#
#........ ##...##
#.....# #########
#.### #.#.#.# #.#
#.....# #####.####
#####.# .........#
#.# .#######.#
##.# #### .#
#.######.@#
#######... .#
#.......@##
#.....#... .#
#†.#####.
#.###.#..# .# #.##
#? #.# #..... .#
#.# #. #.###.#..#
.#######.# #.
#.....#...
.........# #.
##.#.###.#
#####.#### #.
#.##.###.##.. #
#.# #.# ###.#.##
##.###


You could see Jessica (fast).

Vanquished Creatures
  2 adders (D:2)
  A dart slug (D:1)
  2 endoplasms
  2 giant cockroaches (D:2)
  3 goblins
  3 hobgoblins (D:2)
  2 quokkas (D:1)
  5 ball pythons
  3 bats
  A frilled lizard (D:1)
  A kobold (D:2)
  2 rats
27 creatures vanquished.

Notes
Turn   | Place    | Note
-------+----------+-------------------------------------------
     0 | D:1      | purpskrrrp the Vine Stalker Enchanter began the quest for
                  | the Orb.
     0 | D:1      | Reached XP level 1. HP: 9/9 MP: 4/4
   263 | D:1      | Found a faded altar of an unknown god.
   714 | D:1      | Reached XP level 2. HP: 13/13 MP: 6/6
   820 | D:1      | Reached skill level 4 in Stealth
  1211 | D:1      | Prayed at the altar of an unknown god.
  1211 | D:1      | Became a worshipper of Warmaster Okawaru
  1211 | D:1      | Reached * piety under Okawaru
  1663 | D:2      | Reached skill level 1 in Short Blades
  1800 | D:2      | Reached XP level 3. HP: 16/16 MP: 7/7
  1956 | D:2      | Found an ornate altar of the Wu Jian Council.
  2529 | D:2      | Noticed Jessica
  2538 | D:2      | Slain by Jessica

Illustrated notes

Levels and vault maps discovered:
D:1:      lemuel_arrival_tunnels, layout_loops_ring, basic_ecumenical_altar,
          minmay_pentomino_x2
D:2:      layout_loops_corners, basic_altar, serial_glass, glass_columns_a,
          glass_columns_a, uniq_jessica

Skill      XL: |  1  2  3 |
---------------+----------+-----
Stealth        | 4 |  4.2
Short Blades   | 1 |  1.2
Dodging        | 2 |  2.1
Spellcasting   | |  2.4
Hexes          | |  3.4

Action                   || total
-------------------------++-------
Melee: Dagger            ||    38
       Bite              ||    10
       Rapier            ||    27
       Punch             ||     1
  Use: Scroll            ||     6
 Stab: Sleeping          ||     8
Armor: Robe              ||     9
Dodge: Dodged            ||    41

Table legend: (Time is in decaauts)
 A = Elapsed time spent in this place.
 B = Non-inter-level travel time spent in this place.
 C = Inter-level travel time spent in this place.
 D = Time resting spent in this place.
 E = Time spent auto-exploring this place.
 F = Levels seen in this place.
 G = Mean time per level.
                   A        B        C        D        E       F      G
               +--------+--------+--------+--------+--------+-----+--------+
         Total |   2539 |   2298 |    241 |      0 |   1983 |   2 | 1269.5 |
       Dungeon |   2539 |   2298 |    241 |      0 |   1983 |   2 | 1269.5 |
               +--------+--------+--------+--------+--------+-----+--------+

Top non-repeatable levels by time:
     D:2: 1293 daAuts
     D:1: 1246 daAuts
